 Dungeon Crawl Stone Soup version 0.28.0-1-gb440e238dd (webtiles) character file.

Game seed: 10881308282378300593

107 themarg the Prestidigitator (level 4, -1/38 HPs)
             Began as a Gnoll Wanderer on Feb 20, 2022.
             Slain by a black bear (5 damage)
             ... on level 4 of the Dungeon.
             The game lasted 00:13:27 (4082 turns).

themarg the Prestidigitator (Gnoll Wanderer)        Turns: 4082, Time: 00:13:28

Health: -1/38      AC: 12    Str: 13    XL:     4   Next: 85%
Magic:  8/8        EV:  5    Int: 17    God:
Gold:   140        SH:  4    Dex: 12    Spells: 8/9 levels left

rFire   . . .      SeeInvis .   g - +0 short sword
rCold   . . .      Faith    .   b - +0 buckler
rNeg    . . .      Spirit   .   e - +0 chain mail
rPois   .          Reflect  .   (no helmet)
rElec   .          Harm     .   (no cloak)
rCorr   .          Rampage  .   (no gloves)
Will    .....                   (no boots)
Stlth   ..........              (no amulet)
HPRegen 0.12/turn               a - +4 ring of protection
MPRegen 0.11/turn               l - +6 ring of intelligence

@: no status effects
A: fangs 1, strong nose, distributed training
a: no special abilities


You were on level 4 of the Dungeon.
You visited 1 branch of the dungeon, and saw 4 of its levels.

You collected 140 gold pieces.

Inventory:

Hand Weapons
 g - a +0 short sword (weapon)
 p - a +2 dagger of protection
Missiles
 i - 100 stones
Armour
 b - a +0 buckler (worn)
 c - a +0 leather armour
 e - a +0 chain mail (worn)
 j - a +4 scale mail
Jewellery
 a - a +4 ring of protection (left hand)
 l - a +6 ring of intelligence (right hand)
Wands
 d - a wand of charming (10) (quivered)
Scrolls
 h - a scroll of immolation
 k - a scroll of fear
 o - a scroll of amnesia
Potions
 f - 2 potions of curing {unknown}
 r - a potion of cancellation {unknown}


   Skills:
 + Level 4.7 Fighting
 + Level 1.2 Short Blades
 + Level 1.2 Long Blades
 + Level 1.2 Axes
 + Level 1.2 Maces & Flails
 + Level 1.2 Polearms
 + Level 1.2 Staves
 + Level 1.2 Slings
 + Level 1.2 Bows
 + Level 1.2 Crossbows
 + Level 1.2 Throwing
 + Level 1.2 Armour
 + Level 1.2 Dodging
 + Level 1.2 Stealth
 + Level 2.8 Shields
 + Level 1.2 Unarmed Combat
 + Level 3.0 Spellcasting
 + Level 1.0 Conjurations
 + Level 1.0 Hexes
 + Level 1.0 Summonings
 + Level 1.0 Necromancy
 + Level 1.0 Translocations
 + Level 1.0 Transmutations
 + Level 1.0 Fire Magic
 + Level 3.9 Ice Magic
 + Level 1.0 Air Magic
 + Level 1.0 Earth Magic
 + Level 1.0 Poison Magic
 + Level 1.4 Invocations
 + Level 8.6 Evocations


You had 8 spell levels left.
You knew the following spells:

 Your Spells              Type           Power      Damage    Failure   Level
a - Freeze                Ice            60%        1d8       85%         1

Your spell library contained the following spells:

 Spells                   Type           Power      Damage    Failure   Level
 Foxfire                  Conj/Fire      24%        2x1d5     99%         1
 Magic Dart               Conj           24%        1d4       99%         1
 Frozen Ramparts          Ice            30%        1d5       99%         3
 Call Imp                 Summ           6%         N/A       100%        2
 Conjure Flame            Conj/Fire      6%         6-21      100%        3
 Inner Flame              Hex/Fire       6%         N/A       100%        3
 Mephitic Cloud           Conj/Pois/Air  6%         N/A       100%        3
 Flame Wave               Conj/Fire      6%         2d5       100%        4


Dungeon Overview and Level Annotations

Branches:
Dungeon (4/15)
 Temple: D:4-7

Altars:
Uskayaw

Shops:
D:1 [

Annotations:
D:3 Grinder


Innate Abilities, Weirdness & Mutations

You have very sharp teeth.
Your uncanny sense of smell can sniff out nearby items.
Your experience applies equally to all skills.


Message History

You hit the black bear.
The black bear is severely wounded.
You block the black bear's attack.
The black bear claws you but does no damage. x2
You hit the black bear.
The black bear is severely wounded.
The black bear goes berserk!
You hit the black bear.
The black bear is severely wounded.
You block the black bear's attack.
The black bear claws you but does no damage. x2
You block the black bear's attack. The black bear claws you.
The black bear claws you but does no damage.
You barely miss the black bear.
The black bear is severely wounded.
The black bear bites you but does no damage.
The black bear barely misses you.
The black bear claws you but does no damage.
You hit the black bear but do no damage.
The black bear is severely wounded.
The black bear bites you!
* * * LOW HITPOINT WARNING * * *
You block the black bear's attack. The black bear claws you.
* * * LOW HITPOINT WARNING * * *
The black bear bites you.
* * * LOW HITPOINT WARNING * * *
The black bear claws you.
* * * LOW HITPOINT WARNING * * *
The black bear completely misses you.
You barely miss the black bear.
The black bear is severely wounded.
You block the black bear's attack.
The black bear claws you but does no damage. x2
The black bear bites you but does no damage.
The black bear claws you but does no damage. x2
You hit the black bear but do no damage.
You bite the black bear, but do no damage.
The black bear is severely wounded.
The black bear bites you.
You die...

#######
#..@h.#
#.###...#
#<# #+#
### ∆


You could see a black bear (berserk).

Vanquished Creatures
  An adder (D:3)
  2 worms (D:2)
  2 orcs
  5 endoplasms
  3 giant cockroaches
  2 goblins (D:2)
  4 hobgoblins
  5 quokkas
  9 ball pythons
  5 bats
  5 frilled lizards (D:2)
  7 kobolds
  6 rats
56 creatures vanquished.

Vanquished Creatures (collateral kills)
  An orc priest (D:3)
  2 orcs (D:3)
3 creatures vanquished.

Grand Total: 59 creatures vanquished

Notes
Turn   | Place    | Note
-------+----------+-------------------------------------------
     0 | D:1      | themarg the Gnoll Wanderer began the quest for the Orb.
     0 | D:1      | themarg set off with the following items: a +0 club, a +0
                  | buckler, a +0 leather armour, a wand of charming (11); and
                  | the following spell memorised: Freeze; and the following
                  | spells available to memorise: Frozen Ramparts
     0 | D:1      | Reached XP level 1. HP: 20/20 MP: 4/4
   346 | D:1      | Found Dess's Antique Armour Shoppe.
   629 | D:1      | Reached XP level 2. HP: 26/26 MP: 5/5
  1470 | D:2      | Reached XP level 3. HP: 28/31 MP: 7/7
  1950 | D:2      | Reached skill level 1 in Invocations
  2160 | D:2      | Found a hide-covered altar of Uskayaw.
  2547 | D:2      | Reached skill level 1 in Short Blades
  2547 | D:2      | Reached skill level 1 in Long Blades
  2547 | D:2      | Reached skill level 1 in Axes
  2547 | D:2      | Reached skill level 1 in Maces & Flails
  2547 | D:2      | Reached skill level 1 in Polearms
  2547 | D:2      | Reached skill level 1 in Staves
  2547 | D:2      | Reached skill level 1 in Slings
  2547 | D:2      | Reached skill level 1 in Bows
  2547 | D:2      | Reached skill level 1 in Crossbows
  2547 | D:2      | Reached skill level 1 in Throwing
  2547 | D:2      | Reached skill level 1 in Armour
  2547 | D:2      | Reached skill level 1 in Dodging
  2547 | D:2      | Reached skill level 1 in Stealth
  2547 | D:2      | Reached skill level 1 in Unarmed Combat
  2773 | D:3      | Noticed Grinder
  2789 | D:3      | Reached XP level 4. HP: 38/38 MP: 8/8
  2796 | D:3      | Reached skill level 1 in Conjurations
  2796 | D:3      | Reached skill level 1 in Hexes
  2796 | D:3      | Reached skill level 1 in Summonings
  2796 | D:3      | Reached skill level 1 in Necromancy
  2796 | D:3      | Reached skill level 1 in Translocations
  2796 | D:3      | Reached skill level 1 in Transmutations
  2796 | D:3      | Reached skill level 1 in Fire Magic
  2796 | D:3      | Reached skill level 1 in Air Magic
  2796 | D:3      | Reached skill level 1 in Earth Magic
  2796 | D:3      | Reached skill level 1 in Poison Magic
  3299 | D:3      | Paralysed by Grinder for 6 turns
  3518 | D:3      | Paralysed by Grinder for 3 turns
  3531 | D:3      | Paralysed by Grinder for 6 turns
  4066 | D:4      | Noticed a black bear
  4082 | D:4      | Slain by a black bear

Illustrated notes

Levels and vault maps discovered:
D:1:      minmay_arrival_stair_chambers, layout_basic, serial_shops, shop
D:2:      layout_loops_ring, basic_altar, amcnicky_mini_corridor_feature
D:3:      layout_rooms, minmay_misc_feat_more_columns,
          chequers_serial_rivers_micro_b, uniq_grinder
D:4:      cheibrodos_barr_body, layout_basic,
          nicolae_ossuary_entry_false_entrances

Skill      XL: |  1  2  3  4 |
---------------+-------------+-----
Invocations    | 1 |  1.4
Short Blades   | 1 |  1.2
Long Blades    | 1 |  1.2
Axes           | 1 |  1.2
Maces & Flails | 1 |  1.2
Polearms       | 1 |  1.2
Staves         | 1 |  1.2
Slings         | 1 |  1.2
Bows           | 1 |  1.2
Crossbows      | 1 |  1.2
Throwing       | 1 |  1.2
Armour         | 1 |  1.2
Dodging        | 1 |  1.2
Stealth        | 1 |  1.2
Unarmed Combat | 1 |  1.2
Spellcasting   | 3 |  3.0
Conjurations   | 1 |  1.0
Hexes          | 1 |  1.0
Summonings     | 1 |  1.0
Necromancy     | 1 |  1.0
Translocations | 1 |  1.0
Transmutations | 1 |  1.0
Fire Magic     | 1 |  1.0
Air Magic      | 1 |  1.0
Earth Magic    | 1 |  1.0
Poison Magic   | 1 |  1.0
Fighting       | |  4.7
Shields        | |  2.8
Ice Magic      | |  3.9
Evocations     | |  8.6

Action                   |  1- 3 |  4- 6 || total
-------------------------+-------+-------++-------
Melee: Short sword       |   162 |    51 ||   213
       Club              |    15 |       ||    15
       Bite              |    14 |     5 ||    19
Evoke: Wand              |     1 |       ||     1
  Use: Scroll            |       |     5 ||     5
Armor: Leather armour    |    71 |       ||    71
       Chain mail        |       |    48 ||    48
Dodge: Dodged            |    86 |    13 ||    99
Block: Buckler           |    35 |    13 ||    48
